 Dungeon Crawl Stone Soup version 0.13-a0-3133-gec0fa00 (webtiles) character file.

198 PolkaDot the Ruinous (level 3, -3/24 HPs)
             Began as a Vampire Conjurer on Sept 21, 2013.
             Slain by a gnoll
             ... wielding a +0,+0 scythe
              (11 damage)
             ... on Level 2 of the Dungeon.
             The game lasted 00:07:17 (1770 turns).

PolkaDot the Ruinous (Vampire Conjurer)             Turns: 1770, Time: 00:07:17

HP  -3/24        AC  9     Str  7      XL: 3   Next: 73%
MP   0/7         EV 12     Int 18      God:
Gold 141         SH  0     Dex 14      Spells:  2 memorised,  3 levels left

Res.Fire  : x . .   See Invis. : +   o - +0 short sword
Res.Cold  : + . .   Warding    : .   a - +0 robe
Life Prot.: . . .   Conserve   : .   (no shield)
Res.Poison: .       Res.Corr.  : .   (no helmet)
Res.Elec. : .       Clarity    : .   i - +1 dwarf cloak
Sust.Abil.: . .     Spirit.Shd : .   (no gloves)
Res.Mut.  : .       Stasis     : .   (no boots)
Res.Rott. : .       Flight     : .   (no amulet)
Saprovore : . . .                    p - ring of ice
                                     m - +5 ring of protection

@: regenerating quickly, slightly resistant to hostile enchantments, stealthy
A: fangs 3, see invisible, unbreathing
a: no special abilities


You were on level 2 of the Dungeon.
You were very full.

You visited 1 branch of the dungeon, and saw 2 of its levels.

You collected 121 gold pieces.

Inventory:

Hand weapons
 o - a +0,+0 short sword (weapon)
Missiles
 j - 2 darts (quivered)
Armour
 a - a +0 robe (worn)
 i - a +1 dwarven cloak (worn)
Scrolls
 d - 2 scrolls of fear {unknown}
 e - 4 scrolls of identify {unknown}
 k - a scroll of fog {unknown}
 l - 3 scrolls of remove curse {unknown}
 q - a scroll of enchant weapon II {unknown}
 s - a scroll of enchant armour {unknown}
Jewellery
 m - a +5 ring of protection (left hand)
 n - an uncursed ring of protection from magic {unknown}
 p - a ring of ice (right hand)
Potions
 b - a potion of blood
 f - a potion of flight {unknown}
 g - a potion of curing {unknown}
 h - a potion of heal wounds {unknown}
 r - a potion of agility {unknown}
Books
 c - a book of Conjurations

   Spells                             Type                      Level
   *Magic Dart                        Conjuration                  1
   *Searing Ray                       Conjuration                  2
   Dazzling Spray                     Conjuration/Hexes            3
   Iskenderun's Mystic Blast          Conjuration                  4
   Iskenderun's Battlesphere          Conjuration/Charms           4
   Fulminant Prism                    Conjuration/Hexes            5


   Skills:
 - Level 2.1 Dodging
 - Level 3.0 Stealth
 + Level 2.1 Spellcasting
 * Level 3.7 Conjurations


You had 3 spell levels left.
You knew the following spells:

 Your Spells              Type           Power        Failure   Level  Hunger
a - Magic Dart            Conj           ###.         4%          1    #......
s - Searing Ray           Conj           ###...       8%          2    ##.....


Dungeon Overview and Level Annotations

Branches:
Dungeon (2/27)

Altars:


Innate Abilities, Weirdness & Mutations

Your natural rate of healing is unusually fast.
You have razor-sharp teeth.*
You have supernaturally acute eyesight.
You can survive without breathing.*


Message History

Your Spellcasting skill increases to level 2!
The gnoll barely misses you. The gnoll hits you with a scythe.
A gnoll comes into view. It is wielding a scythe.
The searing ray hits the gnoll.
You kill the gnoll!
The gnoll moves out of view.
The gnoll closely misses you. The gnoll barely misses you.
Casting: Searing Ray
Confirm with . or Enter, or press ? or * to list all spells.
Aiming: Searing Ray
Press: ? - help, Shift-Dir - straight line, f - gnoll
Aim: a gnoll, wielding a scythe and wearing a robe The searing ray hits the gnoll.
The gnoll is severely wounded.
The gnoll hits you from afar with a scythe.
The gnoll hits you with a scythe.
The searing ray hits the gnoll.
The gnoll is almost dead.
The gnoll hits you from afar with a scythe!
You die...

#.####.#.#)g
#...#..#...####.#.#.
.........##)####.#..#...#
#.....
#...........g...........#
#.#.##
........................#
#.#.#
.......#.#######.#..###.#
#.#.# ######.#.# #.#..#
#.# #.#.# #.#.# #g#.##
#.# #.#.## ######.#.#
#g#.# #.# #.#...
.........#######@#.# ###
######
######...........#.#
#############.# ###


You could see 2 gnolls.

Vanquished Creatures
  2 gnolls (D:2)
  A giant gecko (D:1)
  3 goblins
  5 hobgoblins
  4 kobolds
  3 bats (D:2)
  4 giant cockroaches
  14 giant newts
  4 rats
40 creatures vanquished.

Notes
Turn   | Place    | Note
--------------------------------------------------------------
     0 | D:1      | PolkaDot, the Vampire Conjurer, began the quest for the Orb.
     0 | D:1      | Reached XP level 1. HP: 13/13 MP: 4/4
   363 | D:1      | Reached XP level 2. HP: 19/19 MP: 0/5
   841 | D:2      | Learned a level 2 spell: Searing Ray
  1365 | D:2      | Reached XP level 3. HP: 24/24 MP: 4/7
  1770 | D:2      | Slain by a gnoll

Action                   || total
-------------------------++-------
Melee: Unarmed           ||     1
       Short sword       ||    31
       Dagger            ||     1
Throw: Dart              ||     3
 Cast: Magic Dart        ||    51
       Searing Ray       ||     3
 Stab: Sleeping          ||     1
